 Dungeon Crawl Stone Soup version 0.26.1-11-gd32895ea62 (webtiles) character file.

Game seed: 13908324668299209690

204 Zeld the Chucker (level 5, -1/36 HPs)
             Began as an Octopode Fighter on May 17, 2021.
             Slain by Crazy Yiuf
             ... wielding a +3 quarterstaff of chaos
              (16 damage)
             ... on level 3 of the Dungeon.
             The game lasted 00:03:57 (3604 turns).

Zeld the Chucker (Octopode Fighter)                 Turns: 3604, Time: 00:04:10

Health: -1/36      AC:  1    Str: 16    XL:     5   Next: 82%
Magic:  5/5        EV: 11    Int: 10    God:
Gold:   82         SH:  9    Dex: 12    Spells: 4/4 levels left

rFire    . . .     SeeInvis .   r - +0 war axe
rCold    . . .     Faith    .   b - +0 kite shield
rNeg     . . .     Spirit   .   (helmet restricted)
rPois    .         Reflect  .   (no amulet)
rElec    .         Harm     .   (no ring)
rCorr    .         Rampage  .   (no ring)
Will     .....                  (no ring)
Stlth    ++........             (no ring)
HPRegen  0.12/turn              (no ring)
MPRegen  0.09/turn              (no ring)
                                (no ring)
                                (no ring)

@: no status effects
A: almost no armour, stealthy swim, amphibious, 8 rings, constrict 8, camouflage
1, gelatinous body 1
a: no special abilities


You were on level 3 of the Dungeon.
You visited 1 branch of the dungeon, and saw 3 of its levels.

You collected 172 gold pieces.
You spent 90 gold pieces at shops.

Inventory:

Hand Weapons
 a - a +0 war axe
 r - a +0 war axe (weapon)
Missiles
 m - 42 poisoned darts (quivered)
Armour
 b - a +0 kite shield (worn)
Scrolls
 f - 4 scrolls of identify {unknown}
 g - 2 scrolls of remove curse {unknown}
 j - 2 scrolls of enchant armour {unknown}
 k - a scroll of random uselessness {unknown}
 p - 2 scrolls of enchant weapon {unknown}
 s - 3 scrolls of magic mapping {unknown}
 t - 2 scrolls of fog {unknown}
 u - a scroll of fear {unknown}
Potions
 c - 2 potions of might
 d - 2 potions of magic {unknown}
 e - a potion of degeneration {unknown}
 h - a potion of haste {unknown}
 i - 2 potions of curing
 l - a potion of invisibility {unknown}
 n - a potion of flight {unknown}
 o - 4 potions of heal wounds {unknown}
 q - a potion of brilliance {unknown}
 v - a potion of cancellation {unknown}


   Skills:
 - Level 3.4 Fighting
 - Level 2.6 Axes
 * Level 4.3 Throwing
 - Level 3.0 Dodging
 - Level 3.4 Shields


You had 4 spell levels left.
You didn't know any spells.
Your spell library was empty.

Dungeon Overview and Level Annotations

Branches:
Dungeon (3/15)

Altars:
Zin

Annotations:
D:3 Crazy Yiuf


Innate Abilities, Weirdness & Mutations

You cannot wear most types of armour.
You are very stealthy in the water. (Stealth+)
You are amphibious.
You can wear up to eight rings at the same time.
You can use your tentacles to constrict eight enemies at once.
Your skin changes colour to match your surroundings (Stealth+).
Your rubbery body absorbs attacks. (AC +1, EV +1)


Message History

You see here a mace.
You see here a runed mace.
You see here a mace.
Key pressed, stopping explore.
You see here a mace.
You see here a mace.
You see here a runed mace.
You see here a mace.
No reachable target in view!
No reachable target in view!
No reachable target in view!
Could not explore, unopened runed door.
You open the door.
Your shield prevents you from hitting Crazy Yiuf.
You grab Crazy Yiuf. You constrict Crazy Yiuf.
Crazy Yiuf hits you with a +3 quarterstaff of chaos!!
Ouch! That really hurt!
Crazy Yiuf freezes you.
Crazy Yiuf hits you with a +3 quarterstaff of chaos!
You die...

>.....##
###............#######
.......#####
#########.........#.
...).......#
#[..........
...........# #####
#...........
...........# #)..#
#..<........
...........# #...#
#...........
...........# ...
#...........
...........# #g#
#...........
...........# ♣@♣♣
#...........
...........# ♣♣.♣
#...........
...........# ♣.♣♣
#####.....#.
#.....##...# ♣♣.♣
######## ##########.#
♣♣.♣♣ #.# ♣♣)).♣ #.#
♣))))♣ #.# #))))#
#.####))))#


You could see Crazy Yiuf.

Vanquished Creatures
  Terence (D:2)
  Robin (D:2)
  4 adders
  4 gnolls
  3 worms
  6 dart slugs
  3 bats
  A giant cockroach (D:2)
  19 goblins
  8 hobgoblins
  2 jackals (D:2)
  7 frilled lizards
  10 kobolds
  10 rats
79 creatures vanquished.

Notes
Turn   | Place    | Note
-------+----------+-------------------------------------------
     0 | D:1      | Zeld the Octopode Fighter began the quest for the Orb.
     0 | D:1      | Reached XP level 1. HP: 16/16 MP: 1/1
     2 | D:1      | Noticed a felid
     2 | D:1      | Noticed a halfling
     4 | D:1      | Noticed a gargoyle
     4 | D:1      | Noticed an octopode
     6 | D:1      | Noticed a formicid
     6 | D:1      | Noticed a human
     8 | D:1      | Noticed a vampire
     8 | D:1      | Noticed a ghoul
    10 | D:1      | Noticed a spriggan
    13 | D:1      | Noticed a troll
    15 | D:1      | Noticed a merfolk
    15 | D:1      | Noticed a draconian
    17 | D:1      | Noticed an ogre
    17 | D:1      | Noticed a vine stalker
    19 | D:1      | Noticed a demigod
    21 | D:1      | Noticed a demonspawn
    21 | D:1      | Noticed a minotaur
    23 | D:1      | Noticed a centaur
    25 | D:1      | Noticed a dwarf
    25 | D:1      | Noticed a tengu
    27 | D:1      | Noticed a naga
    27 | D:1      | Noticed an elf
   201 | D:1      | Reached XP level 2. HP: 21/21 MP: 2/2
   617 | D:1      | Reached XP level 3. HP: 26/26 MP: 3/3
   987 | D:2      | Noticed Robin
  1011 | D:2      | Reached skill level 1 in Throwing
  1634 | D:2      | Reached XP level 4. HP: 31/31 MP: 4/4
  1655 | D:2      | Killed Robin
  1656 | D:2      | Reached skill level 2 in Throwing
  1992 | D:2      | Noticed Terence
  1999 | D:2      | Killed Terence
  2255 | D:2      | Reached skill level 3 in Throwing
  2412 | D:2      | Reached XP level 5. HP: 25/35 MP: 5/5
  2931 | D:2      | Reached skill level 4 in Throwing
  3456 | D:3      | Found Zin's Purification Station.
  3460 | D:3      | Found a glowing silver altar of Zin.
  3463 | D:3      | Bought a potion of curing for 90 gold pieces
  3526 | D:3      | Found a runed translucent door.
  3527 | D:3      | Noticed Crazy Yiuf
  3604 | D:3      | Slain by Crazy Yiuf

Illustrated notes

Levels and vault maps discovered:
D:1:      kb_arrival_jail, layout_rooms, minmay_ruptured
D:2:      layout_basic, minmay_misc_feat_enclosed, hangedman_decor_lopped,
          minmay_misc_feat_iff, uniq_robin, uniq_terence
D:3:      layout_rooms, zin_purify, corexii_leaking_fountain,
          serial_park_tiny_pond, uniq_crazy_yiuf_cottage

Skill      XL: |  1  2  3  4  5 |
---------------+----------------+-----
Throwing       | 1 3 4 |  4.3
Fighting       | |  3.4
Axes           | |  2.6
Dodging        | |  3.0
Shields        | |  3.4

Action                   |  1- 3 |  4- 6 || total
-------------------------+-------+-------++-------
Melee: War axe           |    69 |    78 ||   147
       Constrict         |    18 |    22 ||    40
       Tentacles         |     8 |    14 ||    22
 Stab: Sleeping          |     6 |     6 ||    12
Armor: Skin              |     3 |     1 ||     4
Dodge: Dodged            |    30 |    30 ||    60
Block: Kite shield       |    23 |    25 ||    48
